 Dungeon Crawl Stone Soup version 0.21.1-1-g345015f (webtiles) character file.

3838 nicolaieve the Cleaver (level 9, -9/121 HPs)
             Began as a Minotaur Berserker on July 7, 2018.
             Was a High Priest of Trog.
             Mangled by an orc warrior
             ... wielding a cursed +0 short sword
              (17 damage)
             ... on level 8 of the Dungeon.
             The game lasted 00:23:33 (4774 turns).

nicolaieve the Cleaver (Minotaur Berserker)         Turns: 4774, Time: 00:23:34

Health: -9/121     AC: 11    Str: 30    XL:     9   Next: 98%
Magic:  8/8        EV:  9    Int:  4    God:    Trog [*****.]
Gold:   304        SH:  0    Dex: 10    Spells: 8/8 levels left

rFire    + . .     SeeInvis .   a - +0 hand axe
rCold    . . .     Gourm    .   (no shield)
rNeg     . . .     Faith    .   h - +0 chain mail
rPois    .         Spirit   .   (helmet restricted)
rElec    .         Reflect  .   (no cloak)
rCorr    .         Harm     .   w - +0 pair of gloves
MR       .....                  (no boots)
Stlth    ..........             (no amulet)
HPRegen  0.30/turn              C - ring of flight
MPRegen  0.11/turn              i - ring of protection from fire

@: berserking (expiring), lethally poisoned (-9 -> -49), very quick
A: retaliatory headbutt, horns 2
a: Berserk, Trog's Hand, Brothers in Arms, Burn Spellbooks, Renounce Religion,
Evoke Flight


You were on level 8 of the Dungeon.
You worshipped Trog.
Trog was extremely pleased with you.
You were near starving.

You visited 1 branch of the dungeon, and saw 8 of its levels.
You also visited: Ossuary.

You collected 304 gold pieces.

Inventory:

Hand Weapons
 a - a +0 hand axe (weapon)
 o - a +0 war axe
 t - a +2 flail of protection
 v - a +2 whip of flaming
Armour
 h - a +0 chain mail (worn)
 w - a +0 pair of gloves (worn)
Jewellery
 i - a ring of protection from fire (right hand)
 C - a ring of flight (left hand)
Wands
 u - a wand of acid (9)
 F - a wand of enslavement (14)
 G - a wand of iceblast (10)
Scrolls
 d - 3 scrolls of identify
 e - 5 scrolls of teleportation
 f - a scroll of noise {unknown}
 g - 2 scrolls of fear {unknown}
 j - a scroll of amnesia {unknown}
 n - 8 scrolls of remove curse
 p - 3 scrolls of fog {unknown}
 s - a scroll of magic mapping {unknown}
 x - a scroll of enchant armour {unknown}
 y - 2 scrolls of immolation {unknown}
 z - a scroll of random uselessness {unknown}
 E - a scroll of blinking {unknown}
Potions
 b - 2 potions of curing
 k - 7 potions of heal wounds
 l - a potion of ambrosia
 m - 2 potions of haste
 q - 4 potions of agility
 r - 2 potions of lignification
 A - a potion of might
 B - a potion of cancellation {unknown}
 D - a potion of magic
Books
 H - a book of Misfortune

   Spells                             Type                      Level
   a - Confusing Touch                Hexes                        1
   b - Confuse                        Hexes                        3
   c - Gell's Gravitas                Translocation                3
   d - Petrify                        Transmutation/Earth          4
   e - Metabolic Englaciation         Hexes/Ice                    5
   f - Yara's Violent Unravelling     Hexes/Transmutation          5
   Trog disapproves of the use of such an item.
Comestibles
 c - 9 rations
 I - a chunk of flesh


   Skills:
 + Level 8.0 Fighting
 * Level 14.0 Axes
 + Level 6.9 Armour
 - Level 2.1 Dodging


You had 8 spell levels left.
You didn't know any spells.

Dungeon Overview and Level Annotations

Branches:
Dungeon (8/15)             Temple (0/1) D:7
   Lair: D:8-11

Altars:
Ashenzari
Okawaru

Shops:
D:5 (


Innate Abilities, Weirdness & Mutations

You reflexively headbutt those who attack you in melee.
You have a pair of horns on your head.


Message History

You slash the killer bee!
You feel sick. The killer bee closely misses you.
You are near starving!
You hit the orc warrior. Your headbutt misses the orc warrior.
The orc warrior is almost dead.
You barely miss the killer bee. You closely miss the killer bee.
The killer bee stings you!
* * * LOW HITPOINT WARNING * * *
You are lethally poisoned!
The killer bee poisons you! The killer bee stings you.
* * * LOW HITPOINT WARNING * * *
You are more poisoned.
The killer bee poisons you!
* * * LOW HITPOINT WARNING * * *
You feel sick. The killer bee stings you.
* * * LOW HITPOINT WARNING * * *
You are more poisoned.
The killer bee poisons you! The killer bee closely misses you.
The killer bee completely misses you.
The orc warrior hits you with a short sword!
You die...

.. .# .# ###.#
#...# ####...###
.####...y....###
.......@o.......
.####..yy).....#
#.##.†...... #?
#)†...... #
.........
..........
...........
$..#.##.....
..####. ##...


You could see a queen bee, an orc warrior and 2 killer bees.

Vanquished Creatures
  A two-headed ogre (D:8)
  Pikel (D:4)
  The ghost of bmj180 the Chopper, an amateur HOFi (D:4)
  Sigmund (D:4)
  A wyvern (D:8)
  2 slaves (D:4)
  An ogre (D:6)
  4 centaurs (D:6)
  3 bullfrogs (D:7)
  A scorpion (D:8)
  13 killer bees
  3 crimson imps
  3 centaur zombies (Ossuary)
  A bullfrog zombie (D:5)
  A jelly (D:6)
  2 hounds
  An orc priest (D:6)
  6 orc wizards
  Jessica (D:2)
  2 worker ants
  2 big kobold zombies (Ossuary)
  2 mummies (Ossuary)
  A hound skeleton (D:6)
  Robin (D:2)
  3 gnolls (D:4)
  11 adders
  A shadow imp (D:6)
  An ooze (D:6)
  2 adder skeletons
  2 adder zombies (Ossuary)
  5 worms
  2 dart slugs
  4 leopard geckos
  33 orcs
  A ball python (D:2)
  9 bats
  4 giant cockroaches
  23 goblins
  9 hobgoblins
  11 jackals
  4 quokkas
  5 frilled lizards
  8 hobgoblin zombies (Ossuary)
  2 jackal zombies (Ossuary)
  2 kobolds (D:1)
  12 kobold zombies (Ossuary)
  8 orc zombies (Ossuary)
  8 rats
225 creatures vanquished.

Vanquished Creatures (others)
  A ball python (D:4)
1 creature vanquished.

Grand Total: 226 creatures vanquished

Notes
Turn   | Place    | Note
-------+----------+-------------------------------------------
     0 | D:1      | nicolaieve the Minotaur Berserker began the quest for the Orb.
     0 | D:1      | Reached XP level 1. HP: 19/19 MP: 0/0
   112 | D:1      | Reached skill level 4 in Axes
   152 | D:1      | Reached XP level 2. HP: 14/27 MP: 1/1
   414 | D:1      | Reached ** piety under Trog
   663 | D:2      | Noticed Jessica
   669 | D:2      | Killed Jessica
   669 | D:2      | Reached skill level 5 in Axes
   669 | D:2      | Reached XP level 3. HP: 33/33 MP: 2/2
   681 | D:2      | Noticed Robin
   693 | D:2      | Reached XP level 4. HP: 24/41 MP: 3/3
   694 | D:2      | Killed Robin
  1029 | D:2      | Reached skill level 6 in Axes
  1029 | D:2      | Reached *** piety under Trog
  1084 | D:2      | Reached XP level 5. HP: 47/47 MP: 4/4
  2055 | D:4      | Noticed Pikel
  2055 | D:4      | Noticed a slave
  2055 | D:4      | Noticed a slave
  2055 | D:4      | Noticed a slave
  2057 | D:4      | Noticed a slave
  2058 | D:4      | Reached skill level 7 in Axes
  2064 | D:4      | Reached XP level 6. HP: 55/55 MP: 5/5
  2070 | D:4      | Killed a slave
  2072 | D:4      | Killed a slave
  2074 | D:4      | Killed Pikel
  2074 | D:4      | Reached skill level 5 in Fighting
  2074 | D:4      | Reached skill level 9 in Axes
  2074 | D:4      | Reached XP level 7. HP: 47/61 MP: 6/6
  2193 | D:4      | Noticed bmj180's ghost (amateur HOFi)
  2206 | D:4      | Killed bmj180's ghost
  2270 | D:4      | Noticed Sigmund
  2278 | D:4      | Killed Sigmund
  2278 | D:4      | Reached skill level 10 in Axes
  2278 | D:4      | Reached XP level 8. HP: 70/70 MP: 7/7
  2545 | D:5      | Entered Level 5 of the Dungeon
  2584 | D:5      | Reached **** piety under Trog
  3047 | D:5      | Found Vopn's Antique Weapon Boutique.
  3270 | D:6      | Reached skill level 11 in Axes
  3270 | D:6      | Reached skill level 5 in Armour
  3281 | D:6      | Found a shattered altar of Ashenzari.
  3635 | D:6      | Found a sand-covered staircase.
  3666 | Ossuary  | Entered an ossuary
  3679 | Ossuary  | Reached ***** piety under Trog
  3783 | Ossuary  | Reached skill level 12 in Axes
  3785 | Ossuary  | Reached XP level 9. HP: 45/78 MP: 8/8
  4078 | D:7      | Found a staircase to the Ecumenical Temple.
  4191 | D:7      | Received a gift from Trog
  4207 | D:7      | Found an iron altar of Okawaru.
  4741 | D:8      | Noticed a two-headed ogre
  4747 | D:8      | Reached skill level 13 in Axes
  4748 | D:8      | Noticed a queen bee
  4753 | D:8      | Killed a two-headed ogre
  4764 | D:8      | Reached skill level 14 in Axes
  4774 | D:8      | Mangled by an orc warrior

Skill      XL: |  1  2  3  4  5  6  7  8  9 |
---------------+----------------------------+-----
Axes           | 4 5 6 7 9 10 12 14 | 14.0
Fighting       | 4 5 6 8 |  8.0
Armour         | 3 4 5 6 |  6.9
Dodging        | |  2.1

Action                   |  1- 3 |  4- 6 |  7- 9 || total
-------------------------+-------+-------+-------++-------
Melee: Hand axe          |    61 |   133 |   309 ||   503
       Headbutt          |     9 |    22 |    64 ||    95
Invok: Berserk           |     1 |     1 |     3 ||     5
       Trog's Hand       |     1 |       |       ||     1
       Burn Spellbooks   |       |       |     2 ||     2
  Use: Potion            |       |       |     1 ||     1
       Scroll            |       |       |    10 ||    10
  Eat: Chunk             |       |     5 |    11 ||    16
Armor: Chain mail        |    43 |    79 |   150 ||   272
       Animal skin       |     1 |       |       ||     1
Dodge: Dodged            |    27 |    61 |   118 ||   206
